 Dungeon Crawl Stone Soup version 0.28.0-43-g3370ac3207 (webtiles) character file.

Game seed: 2823605256468366146

26 Kintaro the Ducker (level 2, 0/29 HPs)
             Began as a Troll Fighter on Mar 28, 2022.
             Slain by a gnoll
             ... wielding a +0 halberd
              (3 damage)
             ... on level 2 of the Dungeon.
             The game lasted 00:04:00 (808 turns).

Kintaro the Ducker (Troll Fighter)                   Turns: 808, Time: 00:04:01

Health: 0/29       AC:  4    Str: 23    XL:     2   Next: 89%
Magic:  1/1        EV:  8    Int:  4    God:
Gold:   3          SH:  7    Dex:  9    Spells: 1/1 levels left

rFire   . . .      SeeInvis +   d - +2 short sword (elec)
rCold   . . .      Faith    .   b - +0 kite shield
rNeg    . . .      Spirit   .   a - +0 robe
rPois   .          Reflect  .   (helmet restricted)
rElec   .          Harm     .   (no cloak)
rCorr   .          Rampage  .   (gloves unavailable)
Will    +....                   (boots unavailable)
Stlth   +.........              (no amulet)
HPRegen 0.89/turn               e - ring of willpower
MPRegen 0.07/turn               g - ring of see invisible

@: brilliant
A: large, unfitting armour, claws 3, regeneration 1, shaggy fur 1, tough skin 1
a: no special abilities


You were on level 2 of the Dungeon.
You visited 1 branch of the dungeon, and saw 2 of its levels.

You collected 3 gold pieces.

Inventory:

Hand Weapons
 d - a +2 short sword of electrocution (weapon)
 h - a +0 broad axe
Armour
 a - a +0 robe (worn)
 b - a +0 kite shield (worn)
Jewellery
 e - a ring of willpower (left claw)
 g - a ring of see invisible (right claw)
Potions
 c - a potion of might


   Skills:
 * Level 2.6 Fighting
 * Level 0.1 Short Blades
 * Level 0.7 Armour
 * Level 2.8 Dodging
 * Level 2.6 Shields
 * Level 2.0 Unarmed Combat


You had one spell level left.
You didn't know any spells.
Your spell library contained the following spells:

 Spells                   Type           Power      Damage    Failure   Level
 Stone Arrow              Conj/Erth      0%         3d7       99%         3
 Animate Armour           Summ/Erth      0%         N/A       100%        4
 Lehudib's Crystal Spear  Conj/Erth      0%         10d2      100%        8


Dungeon Overview and Level Annotations

Branches:
Dungeon (2/15)

Altars:

Shops:
D:1 :


Innate Abilities, Weirdness & Mutations

You are too large for most types of armour.
You have claws for hands.
Your natural rate of healing is unusually fast.
You are covered in fur. (AC +1)
You have tough skin. (AC +1)


Message History

You kill the bat!
The gnoll hits you from afar with a +0 halberd!
The hobgoblin barely misses you. The gnoll barely misses you.
The hobgoblin hits you.
You see here a bat corpse.
You puncture the hobgoblin!
You kill the hobgoblin!
You block the gnoll's attack. x2
Found 16 stones.
You block the gnoll's attack.
You hit the gnoll.
The gnoll is lightly wounded.
The gnoll barely misses you.
A gnoll comes into view. It is wielding a +0 spear.
You block the gnoll's attack.
You hit the gnoll.
The gnoll is moderately wounded.
You block the gnoll's attack.
You barely miss the gnoll.
The gnoll is moderately wounded.
The gnoll barely misses you.
You hit the gnoll.
The gnoll is heavily wounded.
You block the gnoll's attack. The gnoll hits you with a +0 halberd!
You closely miss the gnoll.
The gnoll is heavily wounded.
A gnoll comes into view. It is wielding a +0 whip.
You block the gnoll's attack.
You closely miss the gnoll.
The gnoll is heavily wounded.
You block the gnoll's attack. The gnoll closely misses you.
You completely miss the gnoll.
The gnoll is heavily wounded.
The gnoll hits you from afar with a +0 spear.
The gnoll hits you with a +0 halberd.
The gnoll hits you from afar with a +0 spear!
* * * LOW HITPOINT WARNING * * *
It was a potion of brilliance.
You feel clever all of a sudden. The gnoll hits you with a +0 halberd.
You die...

...... ...(.
#.#.... #.#g..
#.#... #.##g#
#.##.### #
#.##.@.#
...####..#.g.#
..........†..#
####....<....#
#######...#
#...# #...#
#...# #####


You could see 3 gnolls.

Vanquished Creatures
  2 ball pythons (D:1)
  3 bats
  An endoplasm (D:1)
  2 giant cockroaches (D:1)
  3 goblins (D:1)
  6 hobgoblins
  3 kobolds (D:1)
  A frilled lizard (D:1)
  2 rats (D:1)
23 creatures vanquished.

Vanquished Creatures (others)
  A plant (D:1)
  4 toadstools (D:1)
5 creatures vanquished.

Grand Total: 28 creatures vanquished

Notes
Turn   | Place    | Note
-------+----------+-------------------------------------------
     0 | D:1      | Kintaro the Troll Fighter began the quest for the Orb.
     0 | D:1      | Reached XP level 1. HP: 22/22 MP: 0/0
   209 | D:1      | Reached XP level 2. HP: 29/29 MP: 1/1
   375 | D:1      | Found Vatyaz's Book Boutique.
   808 | D:2      | Slain by a gnoll

Illustrated notes

Levels and vault maps discovered:
D:1:      ldierk_walled_garden_2, layout_loops_ring, serial_shops, shop
D:2:      minmay_chambers_of_ones, layout_rooms, basic_altar,
          nicolae_ecumenical_snake_handling, bh_walls_and_bars

Action                   || total
-------------------------++-------
Melee: Short sword       ||    52
       Unarmed           ||    11
  Use: Scroll            ||     1
       Potion            ||     1
Armor: Robe              ||    28
Dodge: Dodged            ||    24
Block: Kite shield       ||    27
